 Dungeon Crawl Stone Soup version 0.30-a0-1163-gf69bf04e7a (webtiles) character file.

Game seed: 1472100184734814591

67 Barriton the Firebug (level 3, 0/26 HPs)
             Began as a Draconian Fire Elementalist on Apr 28, 2023.
             Slain by Ijyb
             ... wielding a +0 club
              (7 damage)
             ... on level 3 of the Dungeon.
             The game lasted 00:04:35 (1747 turns).

Barriton the Firebug (Draconian Fire Elementalist)  Turns: 1747, Time: 00:04:35

Health: 0/26       AC:  0    Str: 10    XL:     3   Next: 98%
Magic:  1/6        EV: 14    Int: 17    God:
Gold:   91         SH:  0    Dex: 11    Spells: 5/6 levels left

rFire   . . .        g - melded staff of cold
rCold   . . .        (shield currently unavailable)
rNeg    . . .        (body armour unavailable)
rPois   .            (helmet currently unavailable)
rElec   .            (cloak currently unavailable)
rCorr   .            (gloves currently unavailable)
SInv    .            (boots currently unavailable)
Will    .....        (no amulet)
Stlth   ++           i - melded ring of positive energy
HPRegen 0.24/turn    (ring currently unavailable)
MPRegen 0.10/turn

%: no passive effects
@: pig-form, very slightly contaminated, very quick
A: fast, no casting, AC +5, small, unfitting armour, (cold-blooded)
a: no special abilities


You were on level 3 of the Dungeon.
You were a filthy swine.
You visited 1 branch of the dungeon, and saw 3 of its levels.

You collected 91 gold pieces.

Inventory:

Magical Staves
 g - a staff of cold (melded)
Jewellery
 i - a ring of positive energy (melded)
Scrolls
 b - a scroll of fog {unknown}
 h - a scroll of identify {unknown}
Potions
 a - 2 potions of brilliance {unknown}
 d - 2 potions of lignification {unknown}
 e - 2 potions of cancellation {unknown}
 f - a potion of mutation {unknown}
 j - a potion of haste {unknown}


   Skills:
 + Level 2.2 Dodging
 + Level 1.8 Stealth
 + Level 0.4 Unarmed Combat
 + Level 2.4 Spellcasting
 + Level 2.0 Conjurations
 + Level 3.7 Fire Magic


You had 5 spell levels left.
You knew the following spells:

 Your Spells              Type           Power      Damage    Failure   Level
a - Foxfire               Conj/Fire      44%        2x1d6     6%          1

Your spell library contained the following spells:

 Spells                   Type           Power      Damage    Failure   Level
 Scorch                   Fire           28%        2d6       6%          2
 Inner Flame              Hex/Fire       8%         N/A       26%         3
 Volatile Blastmotes      Fire/Tloc      16%        2d11      26%         3
 Flame Wave               Conj/Fire      11%        2d6       50%         4


Dungeon Overview and Level Annotations

Branches:
Dungeon (2/15)

Altars:

Annotations:
D:1 2 transporters
D:3 Ijyb


Innate Abilities, Weirdness & Mutations

You are a filthy swine.
You move quickly.
Your equipment is almost entirely melded.
You are incapable of wielding weapons or throwing items.
You cannot cast spells.
((Your plain brown scales are hard. (AC +5)))
You cannot fit into any form of body armour.
((You are cold-blooded and may be slowed by cold attacks.))


Message History

You feel less wooden. Ijyb closely misses you. x2
Casting: Foxfire (safe; 6% risk of failure)
Confirm with . or Enter, or press ? or * to list all spells.
You conjure some foxfire!
The worm bites you but does no damage. Ijyb hits you with a +0 club.
Casting: Foxfire (safe; 6% risk of failure)
Confirm with . or Enter, or press ? or * to list all spells.
You miscast Foxfire.
You are very lightly contaminated with residual magic.
Nothing appears to happen.
The foxfire hits Ijyb but does no damage.
Ijyb is severely wounded.
The foxfire hits the worm.
The worm is moderately wounded.
Ijyb closely misses you.
You hit Ijyb but do no damage.
Ijyb is severely wounded.
The worm closely misses you.
Ijyb screams, "It's all mine!"
Ijyb hits you with a +0 club.
You hit Ijyb but do no damage.
Ijyb is severely wounded.
Ijyb hits you but does no damage. The worm bites you.
* * * LOW HITPOINT WARNING * * *
You closely miss Ijyb.
Ijyb is severely wounded.
Ijyb hits you but does no damage. The worm bites you but does no damage.
You closely miss Ijyb.
Ijyb is severely wounded.
Ijyb zaps a wand.
You turn into a filthy swine.
Your staff of cold melds into your body.
Your ring of positive energy melds into your body.
You closely miss Ijyb.
Ijyb is severely wounded.
Ijyb closely misses you. The worm closely misses you.
You barely miss Ijyb.
Ijyb is severely wounded.
Ijyb hits you with a +0 club!
You die...

..# #.# #.# #....#
#.# #..#. #######
#.# #.... #.....g #
#.# #...# #.#####
##.####.# #..# #.#
........#####..###.#
.......hw..........#
##.####g#####..#####
#....J..........
#######..#######
#..# #..# .... ...##
###.#


You could see Ijyb and a worm.

Vanquished Creatures
  2 adders
  4 orcs (D:3)
  3 ball pythons
  6 endoplasms
  3 giant cockroaches
  4 goblins
  3 hobgoblins (D:1)
  2 quokkas (D:1)
  5 bats
  4 frilled lizards (D:1)
  4 kobolds
  A rat (D:1)
41 creatures vanquished.

Vanquished Creatures (others)
  129 foxfires
129 creatures vanquished.

Grand Total: 170 creatures vanquished

Notes
Turn   | Place    | Note
-------+----------+-------------------------------------------
     0 | D:1      | Barriton the Draconian Fire Elementalist began the quest
                  | for the Orb.
     0 | D:1      | Reached XP level 1. HP: 14/14 MP: 3/3
   204 | D:1      | Reached XP level 2. HP: 20/20 MP: 0/5
  1255 | D:2      | Reached XP level 3. HP: 26/26 MP: 3/6
  1543 | D:2      | You fall into a shaft and drop 1 floor!
  1657 | D:3      | Noticed Ijyb
  1747 | D:3      | Slain by Ijyb

Illustrated notes

Levels and vault maps discovered:
D:1:      spicycebolla_arrival_transporter_tutorial, layout_loops_ring,
          minmay_misc_feat_tower
D:2:      layout_rooms, grunt_decor_clamped, kennysheep_generic_room_15,
          uniq_crazy_yiuf_cottage
D:3:      kennysheep_big_flooded_room, layout_loops_ring,
          mainiacjoe_overflow_chevrons, kennysheep_flooded_box, uniq_robin,
          uniq_ijyb

Skill      XL: |  1  2  3 |
---------------+----------+-----
Dodging        | 2 |  2.2
Conjurations   | 2 |  2.0
Stealth        | |  1.8
Unarmed Combat | |  0.4
Spellcasting   | |  2.4
Fire Magic     | |  3.7

Action                     || total
---------------------------++-------
  Melee: Unarmed           ||    41
         Tailslap          ||     8
         Staff             ||    34
   Cast: Foxfire           ||    96
    Use: Scroll            ||     3
         Potion            ||     2
 Armour: Skin              ||    62
  Dodge: Dodged            ||    68

Table legend: (Time is in decaauts)
 A = Elapsed time spent in this place.
 B = Non-inter-level travel time spent in this place.
 C = Inter-level travel time spent in this place.
 D = Time resting spent in this place.
 E = Time spent auto-exploring this place.
 F = Levels seen in this place.
 G = Mean time per level.
                   A        B        C        D        E       F      G
               +--------+--------+--------+--------+--------+-----+--------+
         Total |   1745 |   1742 |      3 |      0 |   1399 |   3 |  581.7 |
       Dungeon |   1745 |   1742 |      3 |      0 |   1399 |   3 |  581.7 |
               +--------+--------+--------+--------+--------+-----+--------+

Top non-repeatable levels by time:
     D:1: 1253 daAuts
     D:2: 289 daAuts
     D:3: 202 daAuts
